 Dungeon Crawl Stone Soup version 0.29.1-1-gd02db6906a (webtiles) character file.

Game seed: 7253166347868758877

59428 Braxton the Thrower (level 14, -20/125 HPs)
             Began as a Minotaur Fighter on Oct 4, 2022.
             Was a High Priest of Okawaru.
             Demolished by an ogre
             ... wielding a +0 giant spiked club
              (26 damage)
             ... on level 1 of the Orcish Mines on Oct 5, 2022.
             The game lasted 01:27:54 (26334 turns).

Braxton the Thrower (Minotaur Fighter)             Turns: 26334, Time: 01:27:54

Health: -20/125    AC: 27    Str: 25    XL:     14   Next: 53%
Magic:  28/29      EV:  9    Int:  4    God:    Okawaru [*****.]
Gold:   1452       SH: 22    Dex: 17    Spells: 13/13 levels left

rFire   x . .      SeeInvis +   V - +14 obsidian axe {vorpal, Mesm Drain Fly SInv}
rCold   . . .      Faith    .   E - +5 tower shield
rNeg    . . .      Spirit   .   W - +1 plate armour of Bitu {rElec rF- Int-3 Dex+6}
rPois   .          Reflect  .   (helmet restricted)
rElec   +          Harm     .   v - +2 cloak
rCorr   .          Rampage  .   a - +2 pair of gloves {Stlth+}
Will    +....                   H - +0 pair of boots
Stlth   ..........              x - amulet of the acrobat
HPRegen 0.30/turn               T - +4 ring of protection
MPRegen 0.21/turn               b - ring of Peow {MP+9 Int+2 Slay+3}

@: on berserk cooldown, flying, mesmerised, slowed, studying Ice Magic, very
slow
A: horns 2, retaliatory headbutt
a: Renounce Religion, Heroism, Finesse, Duel


You were on level 1 of the Orcish Mines.
You worshipped Okawaru.
Okawaru was extremely pleased with you.
You visited 4 branches of the dungeon, and saw 19 of its levels.
You also visited: Ice Cave.

You collected 3070 gold pieces.
You spent 1618 gold pieces at shops.

Inventory:

Hand Weapons
 w - a +5 hand axe of electrocution
 V - the +14 obsidian axe (weapon) {vorpal, Mesm Drain Fly SInv}
   (You acquired it on level 5 of the Dungeon)

   It inflicts extra damage upon your enemies.
   It occasionally summons demons to assist the wielder when it strikes in
   combat.
   Its wielder is mesmerised by any visible foes.
   It cannot be unequipped while any foes are visible.
   SInv:      It lets you see invisible.
   Fly:       It grants you flight.
   Drain:     It drains your maximum health when unequipped.
 X - a +2 vorpal war axe
 Z - the +5 hand crossbow of the Bursting Seer {elec, Int+2 Dex+4}
   (Okawaru gifted it to you on level 3 of the Lair of Beasts)

   Any ammunition fired from it occasionally discharges a powerful burst of
   electricity upon striking a foe.
   Int:       It affects your intelligence (+2).
   Dex:       It affects your dexterity (+4).
Missiles
 o - 2 datura-tipped darts (quivered)
 r - 2 atropa-tipped darts
 U - 2 boomerangs of dispersal
Armour
 a - a +2 pair of gloves of stealth (worn)
 v - a +2 cloak (worn)
 E - a +5 tower shield (worn)
 H - a +0 pair of boots (worn)
 I - a +0 chain mail
 W - the +1 plate armour of Bitu (worn) {rElec rF- Int-3 Dex+6}
   (You bought it in a shop on level 2 of the Orcish Mines)

   Int:       It affects your intelligence (-3).
   Dex:       It affects your dexterity (+6).
   rF:        It makes you vulnerable to fire.
   rElec:     It insulates you from electricity.
Jewellery
 b - the ring of Peow (right hand) {MP+9 Int+2 Slay+3}
   (You found it in an ice cave)

   [ring of magical power]

   Int:       It affects your intelligence (+2).
   Slay:      It affects your accuracy & damage with ranged weapons and melee
   (+3).
   MP:        It affects your magic capacity (+9).
 x - an amulet of the acrobat (around neck)
 J - a ring of resist corrosion
 P - a ring of poison resistance
 T - a +4 ring of protection (left hand)
Wands
 s - a wand of roots (13)
 y - a wand of digging (7)
 F - a wand of flame (37)
 M - a wand of mindburst (4)
 Q - a wand of paralysis (7)
Scrolls
 e - a scroll of brand weapon {unknown}
 f - 3 scrolls of vulnerability
 i - 4 scrolls of teleportation
 j - 3 scrolls of magic mapping
 k - a scroll of blinking {unknown}
 n - 4 scrolls of butterflies
 D - 2 scrolls of fear
 G - 4 scrolls of amnesia
 N - 2 scrolls of poison
 R - a scroll of immolation
 S - a scroll of enchant weapon
Potions
 c - 2 potions of brilliance {unknown}
 d - 2 potions of degeneration {unknown}
 l - 3 potions of attraction
 m - 2 potions of flight
 p - 2 potions of resistance
 q - 2 potions of cancellation
 u - 4 potions of curing
 z - 3 potions of lignification
 A - a potion of haste
 B - 3 potions of mutation
 C - 4 potions of magic
 K - a potion of invisibility
 Y - a potion of might
Miscellaneous
 h - a phial of floods
 O - a tin of tremorstones (2/2)


   Skills:
 + Level 11.7 Fighting
 - Level 12.0 Axes
 - Level 13.5 Throwing
 - Level 9.3 Armour
 + Level 8.6 Dodging
 + Level 11.0 Shields
 - Level 10.6 Invocations
 + Level 4.2 Evocations


You had 13 spell levels left.
You didn't know any spells.
Your spell library contained the following spells:

 Spells                   Type           Power      Damage    Failure   Level
 Beastly Appendage        Tmut           0%         N/A       100%        1
 Necrotise                Necr           0%         1d4       100%        1
 Static Discharge         Conj/Air       0%         3-3/arc   100%        2
 Wereblood                Tmut           0%         N/A       100%        2
 Conjure Flame            Conj/Fire      0%         6-21      100%        3
 Dazzling Flash           Conj/Hex       0%         N/A       100%        3
 Ignite Poison            Fire/Tmut/Pois 0%         N/A       100%        3
 Mephitic Cloud           Conj/Pois/Air  0%         N/A       100%        3
 Spider Form              Tmut/Pois      0%         N/A       100%        3
 Vampiric Draining        Necr           0%         2d6       100%        3
 Corpse Rot               Necr/Pois/Air  0%         N/A       100%        4
 Dispel Undead            Necr           0%         3d6       100%        4
 Ice Form                 Ice/Tmut       0%         N/A       100%        4
 Olgreb's Toxic Radiance  Pois           0%         N/A       100%        4
 Sticky Flame             Conj/Fire      0%         2d3       100%        4
 Agony                    Necr           0%         N/A       100%        5
 Blade Hands              Tmut           0%         N/A       100%        5
 Freezing Cloud           Conj/Ice/Air   0%         6-21      100%        5
 Silence                  Hex/Air        0%         N/A       100%        5
 Iron Shot                Conj/Erth      0%         9d1       100%        6
 Ozocubu's Refrigeration  Ice            0%         4d7       100%        7
 Storm Form               Tmut/Air       0%         N/A       100%        7
 Ignition                 Fire           0%         3d3       100%        8
 Maxwell's Capacitive Co  Air            0%         ∞         100%        8
 Shatter                  Erth           0%         3d5*      100%        9
 Animate Armour           Summ/Erth      Unusable   N/A       N/A         4
 Summon Lightning Spire   Summ/Air       Unusable   N/A       N/A         4
 Death Channel            Necr           Unusable   N/A       N/A         6

Dungeon Overview and Level Annotations

Branches:
Dungeon (11/15)            Temple (1/1) D:4            Lair (5/5) D:8
 Shoals (0/4) Lair:2       Spider (0/4) Lair:2        Slime (0/5) Lair:5
    Orc (2/2) D:11            Elf (0/3) Orc:2         IceCv (visited)

Altars:
Ashenzari
Cheibriados
Dithmenos
Elyvilon
Fedhas
Gozag
Hepliaklqana
Kikubaaqudgha
Makhleb
Nemelex Xobeh
Okawaru
Qazlal
Ru
Sif Muna
Trog
Uskayaw
Vehumet
Wu Jian
Xom
Yredelemnul
Zin
The Shining One
Jiyva

Shops:
D:5 :?   D:11 *   Orc:2 [

Annotations:
Orc:1 Urug


Innate Abilities, Weirdness & Mutations

You have a pair of horns on your head.
You reflexively headbutt those who attack you in melee.


Message History

You kill the orc wizard!
Okawaru accepts your kill.
You slice the orc!!
You kill the orc!
You hit the orc. You closely miss the orc warrior. You closely miss the orc.
You slash the orc warrior!
You break out of your daze!
You kill the orc warrior!
Okawaru accepts your kill.
Visions of slaying the orc flood into your mind.
You block the orc's attack.
The orc knight roars a battlecry!
The orc warrior hits you from afar with a +0 halberd.
* * * LOW HITPOINT WARNING * * *
You block the orc's attack. The gnoll hits you but does no damage.
The orc hits you but does no damage. You block the orc's attack.
The orc knight closely misses you.
You slash the orc knight!
You headbutt the orc knight, but do no damage.
The orc knight is almost dead.
You slice the orc wizard!!
You kill the orc wizard!
Okawaru accepts your kill.
You hit the orc warrior. You hit the orc.
You kill the orc!
You hit the orc.
You are no longer entranced.
You kill the orc!
You closely miss the orc. You slice the orc!!
You kill the orc!
Okawaru accepts your kill.
You hit the gnoll but do no damage.
Visions of slaying the orc knight flood into your mind.
You block the gnoll's attack. You block the orc's attack.
The orc warrior barely misses you. You block the orc knight's attack.
The orc warrior shoots a bolt.
The bolt hits you!
* * * LOW HITPOINT WARNING * * *
The gnoll completely misses you.
The ogre hits you with a +0 giant spiked club!!
You die...

## .#
.............#
##
............. #
. ............
#.##...........
.#.............
.......o.......
...>.o))o.....o
#.o@O......
......gogg.....
.......g....##.
.............#
.........#.....
....#..o#......
.o........ ...#
..............#


You could see an orc knight (mesmerising), Urug, 4 orc warriors, an ogre, an orc
priest (strong), 4 gnolls and an orc (strong).

Vanquished Creatures
  Jorgrun (Orc:2)
  2 azure jellies (IceCv)
  The ghost of Mail the Grappler, a journeyman TrFi of Uskayaw (Lair:3)
  Snorg (Orc:1)
  2 hydras
  Fannar (Lair:3)
  A catoblepas (Lair:2)
  A merfolk avatar (Lair:5)
  Erica (Lair:2)
  2 two-headed ogres
  3 orc high priests (Orc:2)
  8 death yaks
  Nergalle (Arena)
  A sea snake (Lair:5)
  Pikel (D:4)
  3 orc knights
  An ugly thing (D:11)
  An orc sorcerer (Orc:2)
  2 harpies (Lair:5)
  2 oklob plants (Lair:5)
  Joseph (D:8)
  3 black mambas
  An ice statue (IceCv)
  A torpor snail (D:8)
  7 cane toads
  4 rime drakes
  12 komodo dragons
  2 trolls
  17 slime creatures
  5 polar bears
  3 hornets
  4 dream sheep (Lair:5)
  13 blink frogs
  A snapping turtle (Lair:5)
  A shadow (D:11)
  A wraith (D:9)
  A vampire (D:10)
  7 wyverns
  57 yaks
  7 basilisks
  4 steam dragons
  2 wargs
  An acid dragon (D:8)
  16 water moccasins
  13 orc warriors
  6 great orb of eyes simulacra (IceCv)
  A sky beast (D:8)
  4 black bears
  2 ice beasts
  5 wolves (Lair:2)
  6 ogres
  16 centaurs
  A phantom (D:4)
  3 slime creature simulacra (IceCv)
  8 kobold brigands
  A gnoll sergeant (D:10)
  12 bullfrogs
  2 necrophages (D:7)
  7 scorpions
  2 glowing shapeshifter simulacra (IceCv)
  6 wights
  8 killer bees (D:8)
  An electric eel (Lair:3)
  A howler monkey (D:5)
  A jelly (D:6)
  A gnoll bouda (D:8)
  5 iguanas
  14 orc priests
  Jessica (D:2)
  Ijyb (D:5)
  25 orc wizards
  5 shapeshifter simulacra (IceCv)
  Robin (D:2)
  2 adders
  5 gnolls
  2 white imps
  An ufetubus (D:5)
  4 worms
  2 dart slugs
  93 orcs
  6 bats
  10 endoplasms
  3 giant cockroaches
  9 hobgoblins
  3 jackals (D:2)
  33 kobolds
  5 quokkas
  8 ball pythons
  3 frilled lizards
  10 goblins
  4 rats
  A lurking horror (Orc:2)
570 creatures vanquished.

Vanquished Creatures (others)
  2 bushes (D:8)
  23 fungi
  A lurking horror (Orc:2)
  97 plants
123 creatures vanquished.

Grand Total: 693 creatures vanquished

Notes
Turn   | Place    | Note
-------+----------+-------------------------------------------
     0 | D:1      | Braxton the Minotaur Fighter began the quest for the Orb.
     0 | D:1      | Reached XP level 1. HP: 19/19 MP: 0/0
   270 | D:1      | Reached XP level 2. HP: 21/27 MP: 1/1
   975 | D:2      | Noticed Jessica
   990 | D:2      | Killed Jessica
   991 | D:2      | Reached XP level 3. HP: 16/33 MP: 2/2
  1421 | D:2      | Reached XP level 4. HP: 40/40 MP: 3/3
  1550 | D:2      | Noticed Robin
  1555 | D:2      | Killed Robin
  1556 | D:2      | Reached skill level 5 in Axes
  2654 | D:3      | Reached XP level 5. HP: 45/46 MP: 4/4
  2939 | D:4      | Found a staircase to the Ecumenical Temple.
  3204 | Temple   | Entered the Ecumenical Temple
  3254 | Temple   | Became a worshipper of Warmaster Okawaru
  3582 | D:4      | Noticed a phantom
  3590 | D:4      | Killed a phantom
  3591 | D:4      | Reached XP level 6. HP: 40/52 MP: 5/5
  3670 | D:4      | Noticed Pikel
  3690 | D:4      | Killed Pikel
  3690 | D:4      | Reached * piety under Okawaru
  3690 | D:4      | Reached ** piety under Okawaru
  3691 | D:4      | Reached XP level 7. HP: 24/58 MP: 6/6
  4152 | D:4      | Found a shimmering blue altar of Sif Muna.
  4380 | D:5      | Entered Level 5 of the Dungeon
  4420 | D:4      | Reached skill level 10 in Axes
  4962 | D:5      | Reached XP level 8. HP: 59/66 MP: 7/7
  5054 | D:5      | Found Archues's Magic Scroll Boutique.
  5060 | D:5      | Bought a scroll of fear for 52 gold pieces
  5060 | D:5      | Bought a scroll of teleportation for 39 gold pieces
  5060 | D:5      | Bought a scroll of teleportation for 39 gold pieces
  5171 | D:5      | Found Suocina's Tremendous Tomes.
  5206 | D:5      | Noticed Ijyb
  5211 | D:5      | Killed Ijyb
  5538 | D:6      | Reached skill level 5 in Armour
  5538 | D:6      | Reached skill level 5 in Shields
  5765 | D:6      | Reached *** piety under Okawaru
  6027 | D:6      | Found a glowing golden altar of the Shining One.
  6131 | D:6      | Found an ancient bone altar of Kikubaaqudgha.
  6146 | D:6      | Found a snail-covered altar of Cheibriados.
  6391 | D:7      | Found a broken altar of Ashenzari.
  6546 | D:7      | Reached skill level 1 in Throwing
  7140 | D:7      | Reached XP level 9. HP: 72/72 MP: 8/8
  7327 | D:8      | Found a hazy altar of Hepliaklqana.
  7383 | D:8      | Reached skill level 2 in Throwing
  7479 | D:8      | Reached skill level 5 in Fighting
  7479 | D:8      | Reached **** piety under Okawaru
  7730 | D:8      | Found a staircase to the Lair.
  7743 | D:8      | Reached skill level 3 in Throwing
  7770 | D:8      | Found a radiant altar of Vehumet.
  8018 | D:8      | HP: 2/75 [killer bee (6)]
  8104 | D:8      | Received a gift from Okawaru
  8326 | D:8      | Reached skill level 4 in Throwing
  8343 | D:8      | Reached ***** piety under Okawaru
  8344 | D:8      | Reached XP level 10. HP: 45/84 MP: 9/9
  9309 | D:8      | Reached skill level 5 in Throwing
  9425 | D:8      | Found a bloodstained altar of Trog.
  9569 | D:8      | Noticed Joseph
  9582 | D:8      | Killed Joseph
  9585 | D:8      | Received a gift from Okawaru
 10402 | D:8      | Reached skill level 1 in Dodging
 10404 | D:8      | Identified the +4 chain mail "Wiuxav" {rElec rN+ Int+5}
                  | (Okawaru gifted it to you on level 8 of the Dungeon)
 10404 | D:8      | Received a gift from Okawaru
 10405 | D:8      | Reached skill level 6 in Throwing
 11036 | D:9      | Reached XP level 11. HP: 70/97 MP: 10/10
 11199 | D:9      | Found a shadowy altar of Dithmenos.
 11276 | D:9      | You fall into a shaft and drop 2 floors!
 11295 | D:11     | Found Ryppime's General Store.
 11322 | D:10     | Entered Level 10 of the Dungeon
 11451 | D:9      | Found an ornate altar of the Wu Jian Council.
 12268 | D:10     | Noticed a two-headed ogre
 12284 | D:10     | Killed a two-headed ogre
 12285 | D:10     | Reached skill level 7 in Throwing
 12699 | D:10     | Found a shimmering altar of Xom.
 12971 | D:10     | Reached skill level 10 in Fighting
 12971 | D:10     | Reached skill level 5 in Dodging
 13362 | D:10     | Found a burning altar of Makhleb.
 13486 | D:10     | Found a blossoming altar of Fedhas.
 13542 | D:11     | Received a gift from Okawaru
 13619 | D:11     | Reached skill level 8 in Throwing
 13947 | D:11     | Noticed a brown ugly thing
 13957 | D:11     | Killed a brown ugly thing
 13993 | D:11     | Noticed a two-headed ogre
 14009 | D:11     | Killed a two-headed ogre
 14672 | D:11     | Reached skill level 1 in Invocations
 14831 | D:11     | Found a staircase to the Orcish Mines.
 15119 | Lair:1   | Entered Level 1 of the Lair of Beasts
 15146 | D:8      | Received a gift from Okawaru
 15150 | D:8      | Reached XP level 12. HP: 84/107 MP: 12/12
 15151 | D:8      | Reached skill level 9 in Throwing
 15321 | Lair:1   | Reached ****** piety under Okawaru
 15922 | Lair:1   | Noticed a six-headed hydra
 16430 | Lair:1   | Killed a 16-headed hydra
 17008 | Lair:2   | Noticed Erica
 17018 | Lair:2   | Killed Erica
 17019 | Lair:2   | Reached skill level 10 in Throwing
 17026 | Lair:2   | Received a gift from Okawaru
 17148 | Lair:2   | Reached skill level 5 in Invocations
 17582 | Lair:2   | Noticed a catoblepas
 17624 | Lair:2   | Killed a catoblepas
 17699 | Lair:2   | Reached skill level 11 in Throwing
 18056 | Lair:2   | Found a hole to the Spider Nest.
 18130 | Lair:2   | Found a staircase to the Shoals.
 19337 | D:5      | Bought a scroll of acquirement for 676 gold pieces
 19337 | D:5      | Acquired the +14 obsidian axe {vorpal, Mesm Drain Fly SInv}
 19337 | D:5      | Found the +14 obsidian axe {vorpal, Mesm Drain Fly SInv}
 19344 | D:5      | Acquired 1330 gold pieces
 19521 | Lair:3   | Found a runed translucent gate.
 19521 | Lair:3   | Found a runed translucent gate.
 19521 | Lair:3   | Found a runed translucent gate.
 19531 | Lair:3   | Noticed Mail's ghost (journeyman TrFi)
 19663 | Lair:3   | Noticed Fannar
 19671 | Lair:3   | Killed Fannar
 19941 | Lair:3   | Noticed a four-headed hydra
 19950 | Lair:3   | Killed a nine-headed hydra
 20283 | Lair:3   | Reached XP level 13. HP: 114/114 MP: 17/17
 20525 | Lair:3   | Identified the +5 hand crossbow of the Bursting Seer {elec,
                  | Int+2 Dex+4} (Okawaru gifted it to you on level 3 of the
                  | Lair of Beasts)
 20525 | Lair:3   | Received a gift from Okawaru
 20536 | Lair:3   | Killed Mail's ghost
 20761 | Lair:4   | Reached skill level 12 in Throwing
 20994 | Lair:4   | Got Heuph's Anthology of the Wintry Boulder
 21291 | Lair:4   | Received a gift from Okawaru
 21801 | Lair:5   | Entered Level 5 of the Lair of Beasts
 22076 | Lair:5   | Reached skill level 13 in Throwing
 22088 | Lair:5   | Reached skill level 10 in Invocations
 22415 | Lair:5   | Found a viscous altar of Jiyva.
 22417 | Lair:5   | Found a staircase to the Slime Pits.
 22542 | Lair:5   | Received a gift from Okawaru
 22821 | Lair:5   | Reached skill level 1 in Evocations
 22931 | Lair:5   | Received a gift from Okawaru
 23535 | Lair:5   | Reached XP level 14. HP: 122/122 MP: 20/20
 24524 | Orc:1    | Entered Level 1 of the Orcish Mines
 24524 | Orc:1    | Noticed Snorg
 24530 | Orc:1    | Killed Snorg
 24727 | Orc:2    | Entered Level 2 of the Orcish Mines
 24838 | Orc:2    | Found Miosian's Antique Armour Shop.
 24847 | Orc:2    | Bought a buzzing plate armour for 812 gold pieces
 24847 | Orc:2    | Identified the +1 plate armour of Bitu {rElec rF- Int-3
                  | Dex+6} (You bought it in a shop on level 2 of the Orcish
                  | Mines)
 24886 | Orc:2    | Noticed Jorgrun
 24901 | Orc:2    | Killed Jorgrun
 24902 | Orc:2    | Reached skill level 10 in Shields
 25077 | Orc:2    | Found a frozen archway.
 25083 | Orc:2    | Found a staircase to the Elven Halls.
 25088 | IceCv    | Entered an ice cave
 25656 | IceCv    | Identified the +8 hand axe "Leuc" {freeze, *Slow rF+ rC+++
                  | Int-4} (Okawaru gifted it to you in an ice cave)
 25656 | IceCv    | Received a gift from Okawaru
 25760 | IceCv    | Found a viscous altar of Jiyva.
 25760 | IceCv    | Noticed an azure jelly
 25770 | IceCv    | Killed an azure jelly
 25858 | IceCv    | Noticed an azure jelly
 25869 | IceCv    | Killed an azure jelly
 25880 | IceCv    | Identified the ring of Peow {MP+9 Int+2 Slay+3}
 26251 | Arena    | Entered the Arena
 26310 | Orc:1    | Noticed Nergalle
 26310 | Orc:1    | Noticed Urug
 26315 | Arena    | Entered the Arena
 26318 | Arena    | HP: 6/125 [poisoned by Nergalle]
 26320 | Arena    | Killed Nergalle
 26320 | Arena    | HP: 2/125 [poisoned by Nergalle]
 26334 | Orc:1    | HP: 6/125 [orc warrior/bolt[an orc knight] (10)]
 26334 | Orc:1    | Demolished by an ogre

Illustrated notes

Levels and vault maps discovered:
D:1:      denvon_arrival_planthouse, layout_loops_ring, corner_web_ring
D:2:      layout_loops_cross, serial_aquarium, aquarium_bridge_island_large
          [aquarium_subvault_large_water, aquarium_subvault_bridge,
          aquarium_subvault_window, aquarium_subvault_bridge,
          aquarium_subvault_bridge], aquarium_window_fake, aquarium_window_1,
          aquarium_window_corner, aquarium_window_2, aquarium_view_4,
          aquarium_view_2d, aquarium_balcony_3a, aquarium_pool_1,
          minmay_split_cup_small, uniq_jessica, uniq_robin
D:3:      layout_basic
D:4:      layout_cave_pods, lemuel_blue_sif_altar,
          minmay_temple_entry_stoned_glass, uniq_pikel
D:5:      layout_gridville, serial_shops, nicolae_shop_waterfront,
          nicolae_shop_i_like_big_books, small_statue_intersection, uniq_ijyb
D:6:      layout_gridville, kennysheep_mini_moat, mainiacjoe_overflow_24_doors,
          mainiacjoe_overflow_tiny_flanked, minmay_misc_feat_tiny
D:7:      layout_basic, lemuel_tele_altar
D:8:      layout_basic, pf_just_have_faith, vehumet_altar_wand_db,
          mainiacjoe_overflow_paths, minmay_lair_entry_grove, nzn_random_ring,
          uniq_joseph
D:9:      layout_cave_pods, amcnicky_altar_gilded,
          nicolae_dithmenos_through_a_glass_darkly
D:10:     layout_basic, marbit_many_paths, mainiacjoe_overflow_small_starburst,
          lemuel_coloured_pillars_altar, kennysheep_generic_room_12
D:11:     layout_loops_ring, hiddenorc1_lemuel, serial_shops, shop, st_stairs_4,
          kennysheep_dice
Temple:   jpeg_temple_island
Lair:1:   layout_hall_layers
Lair:2:   layout_cave_pods, elwin_shoals_entry_rocks,
          nicolae_spider_entry_non_spiders, uniq_erica
Lair:3:   layout_hall_layers, gammafunk_ghost_split, serial_bayou_ford_a,
          minmay_holes, uniq_fannar
Lair:4:   layout_long_grid, grunt_megastairs_5
Lair:5:   gammafunk_lair_ancient_temple, layout_loops_ring,
          minmay_slime_entry_oklob_enclosed, serial_forest,
          infiniplex_forest_clump_cross, infiniplex_forest_lined_2,
          infiniplex_forest_end_1, infiniplex_forest_lined_room_3,
          infiniplex_forest_clump_large, infiniplex_forest_corner_2
Orc:1:    layout_caves, uniq_nergalle, uniq_snorg, uniq_urug
Orc:2:    st_orc_elflike, layout_caves, serial_shops, nicolae_diamond_shop,
          portal_ice_cave_entry_pillars_2, nicolae_orc_stony_grotto,
          amcnicky_altar_lugonu_corruption, uniq_jorgrun

Skill      XL: |  1  2  3  4  5  6  7  8  9 10 11 12 13 14 |
---------------+-------------------------------------------+-----
Axes           | 4 6 7 9 10 11 12 | 12.0
Armour         | 4 6 8 9 |  9.3
Shields        | 4 6 8 9 11 | 11.0
Fighting       | 4 6 9 10 11 | 11.7
Throwing       | 1 4 6 8 11 13 | 13.5
Dodging        | 3 6 7 8 |  8.6
Invocations    | 1 7 10 | 10.6
Evocations     | 1 4 |  4.2

Action                   |  1- 3 |  4- 6 |  7- 9 | 10-12 | 13-15 || total
-------------------------+-------+-------+-------+-------+-------++-------
Melee: War axe           |    66 |    76 |       |   207 |       ||   349
       Headbutt          |     9 |     9 |    29 |   134 |    87 ||   268
       Hand axe          |       |    20 |   211 |   461 |       ||   692
       Broad axe         |       |       |       |    30 |   379 ||   409
Throw: Dart              |     4 |     5 |     4 |    13 |       ||    26
       Javelin           |       |       |       |     8 |     3 ||    11
       Boomerang         |       |       |       |    22 |       ||    22
Invok: Heroism           |       |       |       |     1 |       ||     1
       Duel              |       |       |       |       |     2 ||     2
       Finesse           |       |       |       |       |     1 ||     1
Evoke: Wand              |       |       |       |     1 |       ||     1
  Use: Scroll            |       |     1 |    10 |    20 |     5 ||    36
       Potion            |       |     1 |     7 |     3 |     9 ||    20
Armor: Scale mail        |    32 |    53 |    10 |       |       ||    95
       Chain mail        |       |       |   101 |   341 |    85 ||   527
       Plate armour      |       |       |       |       |    66 ||    66
Dodge: Dodged            |    29 |    45 |    44 |   153 |    80 ||   351
Block: Buckler           |    17 |    18 |     3 |       |       ||    38
       Tower shield      |       |       |   153 |   717 |   394 ||  1264
